[ AOE2 MATCH · #488498482 ]
UnrankedLithuanians vs Japanese
[ REPLAY ANALYSIS · EXTRACTED FROM THE RECORDED GAME ]
Feudal
11:21
Castle
15:02
Imperial
29:30
| APM avg | 44.3 |
| APM peak | 82 |
| eAPM avg | 25.0 |
| Villagers / military | 149 / 191 |
Focus
⚔️ 39.9% · 🌾 60.1%
Skirmisher ×133 · Hand Cannoneer ×25 · Bombard Cannon ×16 · Monk ×9 · Trebuchet (Packed) ×6 · Archer ×2
Feudal
10:07
Castle
14:54
Imperial
28:32
| APM avg | 43.3 |
| APM peak | 68 |
| eAPM avg | 19.5 |
| Villagers / military | 181 / 266 |
Focus
⚔️ 31.7% · 🌾 68.3%
Skirmisher ×179 · Spearman ×68 · Scout Cavalry ×7 · Trebuchet (Packed) ×7 · Knight ×3 · Monk ×2
Feudal
10:09
Castle
21:24
Imperial
27:28
| APM avg | 43.4 |
| APM peak | 89 |
| eAPM avg | 22.3 |
| Villagers / military | 129 / 22 |
Focus
⚔️ 38.3% · 🌾 61.7%
Unknown (1952) ×78 · Skirmisher ×17 · Unknown (1942) ×5 · Mangonel ×3 · Spearman ×2
Feudal
8:01
Castle
21:32
Imperial
35:40
| APM avg | 64.9 |
| APM peak | 107 |
| eAPM avg | 41.1 |
| Villagers / military | 178 / 138 |
Focus
⚔️ 59.8% · 🌾 40.2%
Steppe Lancer ×79 · Mangudai ×17 · Archer ×12 · Battering Ram ×9 · Scout Cavalry ×8 · Scorpion ×7
Match map
Initial resources + every placement click. Lines = walls · curves = elevation contours. ◆ gold · ⬟ stone · ● berries · ✦ relic · ◌ wall gap
Your base· ✓ Closed at 15:02 · 0t walls · 3 gate(s)
Skull's base· ✓ Closed at 14:54 · 0t walls · 2 gate(s)
Nasup's base· ✓ Closed at 21:24 · 34t walls · 2 gate(s)
TAG_Sitaux's base· ✓ Closed at 21:32 · 7t walls · 2 gate(s)
Smoothed initial terrain · ◌ = detected wall gap · hover for details
Inputs per minute
— Smiley - - Skull
Build order — Smiley
First 150 of 444 actions detected
| 0:01 | Create | Villager (Male) |
| 0:01 | Create | Villager (Male) |
| 0:01 | Create | Villager (Male) |
| 0:02 | Build | House |
| 0:03 | Build | House |
| 0:06 | Create | Villager (Male) |
| 0:16 | Create | Villager (Male) |
| 0:19 | Create | Villager (Male) |
| 1:14 | Create | Villager (Male) |
| 1:49 | Build | Lumber Camp |
| 2:17 | Create | Villager (Male) |
| 2:32 | Create | Villager (Male) |
| 2:32 | Create | Villager (Male) |
| 3:06 | Build | House |
| 3:06 | Build | House |
| 3:19 | Create | Villager (Male) |
| 3:25 | Create | Villager (Male) |
| 3:41 | Create | Villager (Male) |
| 4:06 | Create | Villager (Male) |
| 4:28 | Build | Mill |
| 5:25 | Create | Villager (Male) |
| 6:01 | Research | Loom |
| 6:06 | Create | Villager (Male) |
| 6:06 | Create | Villager (Male) |
| 6:07 | Create | Villager (Male) |
| 6:17 | Build | Farm |
| 6:19 | Build | Farm |
| 6:20 | Build | Farm |
| 6:25 | Create | Villager (Male) |
| 6:25 | Create | Villager (Male) |
| 7:12 | Create | Villager (Male) |
| 7:12 | Create | Villager (Male) |
| 7:49 | Build | House |
| 7:50 | Build | Mining Camp |
| 9:02 | Research | Feudal Age |
| 9:15 | Create | Villager (Male) |
| 11:21 | Age | Feudal Age |
| 11:25 | Build | Blacksmith |
| 11:36 | Build | Market |
| 11:42 | Create | Villager (Male) |
| 11:48 | Research | Double-Bit Axe |
| 11:50 | Research | Horse Collar |
| 12:10 | Create | Villager (Male) |
| 12:22 | Research | Castle Age |
| 12:45 | Create | Villager (Male) |
| 13:03 | Build | Farm |
| 13:15 | Build | House |
| 14:05 | Research | Gold Mining |
| 15:02 | Age | Castle Age |
| 15:20 | Build | Town Center |
| 15:21 | Create | Villager (Male) |
| 15:25 | Build | Town Center |
| 15:30 | Build | Monastery |
| 15:34 | Create | Villager (Male) |
| 15:50 | Create | Villager (Male) |
| 16:02 | Create | Villager (Male) |
| 16:07 | Create | Monk |
| 16:23 | Create | Villager (Male) |
| 16:24 | Create | Villager (Male) |
| 16:47 | Create | Monk |
| 16:48 | Create | Villager (Male) |
| 16:51 | Build | Farm |
| 16:59 | Create | Monk |
| 16:59 | Create | Villager (Male) |
| 17:05 | Create | Monk |
| 17:15 | Create | Villager (Male) |
| 17:18 | Build | Farm |
| 17:20 | Create | Villager (Male) |
| 17:23 | Build | Town Center |
| 17:24 | Create | Villager (Male) |
| 17:24 | Create | Villager (Male) |
| 17:31 | Create | Villager (Male) |
| 17:34 | Create | Villager (Male) |
| 17:49 | Build | House |
| 17:50 | Build | House |
| 17:54 | Build | House |
| 17:55 | Build | House |
| 17:56 | Create | Villager (Male) |
| 17:56 | Create | Villager (Male) |
| 18:01 | Build | House |
| 18:04 | Build | Farm |
| 18:06 | Build | Farm |
| 18:07 | Build | Farm |
| 18:11 | Create | Villager (Male) |
| 18:29 | Create | Monk |
| 18:35 | Create | Villager (Male) |
| 18:35 | Create | Villager (Male) |
| 18:41 | Create | Villager (Male) |
| 18:41 | Create | Villager (Male) |
| 18:44 | Build | Farm |
| 18:44 | Build | Farm |
| 18:44 | Build | Farm |
| 18:45 | Create | Villager (Male) |
| 18:47 | Build | Farm |
| 18:47 | Build | Farm |
| 18:47 | Build | Farm |
| 18:48 | Build | Farm |
| 18:49 | Create | Villager (Male) |
| 18:49 | Create | Villager (Male) |
| 18:51 | Create | Villager (Male) |
| 18:51 | Create | Villager (Male) |
| 18:53 | Build | House |
| 18:54 | Build | House |
| 18:58 | Build | House |
| 18:58 | Build | House |
| 19:09 | Create | Villager (Male) |
| 19:09 | Create | Villager (Male) |
| 19:25 | Create | Villager (Male) |
| 19:28 | Build | Farm |
| 19:30 | Build | Farm |
| 19:32 | Build | Farm |
| 19:37 | Create | Villager (Male) |
| 19:43 | Build | Farm |
| 19:44 | Build | Farm |
| 19:47 | Build | Farm |
| 19:48 | Create | Villager (Male) |
| 19:48 | Create | Villager (Male) |
| 19:54 | Create | Villager (Male) |
| 20:09 | Create | Villager (Male) |
| 20:10 | Create | Villager (Male) |
| 20:18 | Create | Villager (Male) |
| 20:23 | Create | Villager (Male) |
| 20:24 | Create | Villager (Male) |
| 20:40 | Create | Villager (Male) |
| 20:40 | Create | Villager (Male) |
| 20:40 | Create | Villager (Male) |
| 20:57 | Create | Villager (Male) |
| 20:57 | Create | Villager (Male) |
| 20:58 | Create | Monk |
| 21:10 | Create | Villager (Male) |
| 21:10 | Create | Villager (Male) |
| 21:10 | Create | Villager (Male) |
| 21:38 | Create | Villager (Male) |
| 21:38 | Create | Villager (Male) |
| 21:39 | Create | Villager (Male) |
| 21:43 | Create | Monk |
| 21:44 | Create | Villager (Male) |
| 21:44 | Create | Villager (Male) |
| 21:47 | Build | Farm |
| 21:48 | Build | Farm |
| 21:48 | Build | Farm |
| 21:48 | Build | Farm |
| 21:48 | Build | Farm |
| 21:58 | Create | Villager (Male) |
| 21:58 | Create | Villager (Male) |
| 22:17 | Create | Monk |
| 22:26 | Create | Villager (Male) |
| 22:26 | Create | Villager (Male) |
| 22:26 | Create | Villager (Male) |
| 22:31 | Build | Farm |
Build order — Skull
First 150 of 463 actions detected
| 0:02 | Create | Villager (Male) |
| 0:03 | Build | House |
| 0:07 | Create | Villager (Male) ×3 |
| 0:08 | Create | Villager (Male) ×3 |
| 1:25 | Create | Villager (Male) |
| 1:46 | Build | House |
| 1:46 | Build | House |
| 1:56 | Create | Villager (Male) |
| 2:11 | Create | Villager (Male) |
| 2:17 | Build | Lumber Camp |
| 2:45 | Create | Villager (Male) |
| 3:04 | Create | Villager (Male) |
| 3:37 | Create | Villager (Male) |
| 3:55 | Create | Villager (Male) |
| 4:22 | Create | Villager (Male) |
| 4:36 | Create | Villager (Male) |
| 5:00 | Create | Villager (Male) |
| 5:05 | Build | Mill |
| 5:17 | Create | Villager (Male) |
| 5:43 | Create | Villager (Male) |
| 6:09 | Create | Villager (Male) |
| 6:16 | Build | House |
| 6:27 | Create | Villager (Male) |
| 6:58 | Build | Farm |
| 7:01 | Build | Farm |
| 7:02 | Build | Farm |
| 7:29 | Create | Villager (Male) |
| 7:36 | Build | Mining Camp |
| 7:50 | Research | Feudal Age |
| 8:31 | Build | Barracks |
| 8:41 | Build | House |
| 9:11 | Create | Villager (Male) |
| 10:07 | Age | Feudal Age |
| 10:09 | Build | Stable |
| 10:12 | Build | Blacksmith |
| 10:23 | Create | Villager (Male) |
| 10:24 | Create | Villager (Male) |
| 11:18 | Create | Villager (Male) |
| 11:49 | Create | Villager (Male) |
| 12:09 | Research | Castle Age |
| 12:24 | Build | House |
| 12:25 | Build | House |
| 12:43 | Research | Double-Bit Axe |
| 12:46 | Build | Farm |
| 12:47 | Build | Farm |
| 13:15 | Build | Farm |
| 13:19 | Build | Farm |
| 13:28 | Build | House |
| 13:40 | Research | Horse Collar |
| 13:43 | Build | Farm |
| 13:45 | Build | Farm |
| 13:50 | Create | Villager (Male) |
| 14:02 | Build | House |
| 14:54 | Age | Castle Age |
| 14:56 | Create | Knight |
| 14:59 | Create | Villager (Male) |
| 15:01 | Build | Town Center |
| 15:20 | Create | Knight |
| 15:23 | Create | Villager (Male) |
| 15:47 | Create | Villager (Male) |
| 15:53 | Create | Knight |
| 16:06 | Build | Town Center |
| 16:16 | Create | Villager (Male) |
| 16:29 | Create | Villager (Male) |
| 16:49 | Create | Villager (Male) |
| 16:52 | Build | Farm |
| 16:54 | Create | Villager (Male) |
| 17:25 | Build | Farm |
| 17:25 | Create | Villager (Male) |
| 17:33 | Create | Villager (Male) |
| 17:52 | Create | Villager (Male) |
| 17:52 | Create | Villager (Male) |
| 17:55 | Build | Farm |
| 17:56 | Build | Farm |
| 17:57 | Build | Farm |
| 18:10 | Create | Villager (Male) |
| 18:10 | Create | Villager (Male) |
| 18:24 | Create | Villager (Male) |
| 18:24 | Create | Villager (Male) |
| 18:25 | Create | Villager (Male) |
| 18:29 | Build | Farm |
| 18:30 | Build | Farm |
| 18:31 | Build | Farm |
| 18:33 | Build | Farm |
| 18:35 | Build | Farm |
| 18:40 | Create | Villager (Male) |
| 18:40 | Create | Villager (Male) |
| 18:52 | Build | Farm |
| 18:52 | Build | Farm |
| 18:54 | Build | Farm |
| 18:58 | Create | Villager (Male) |
| 19:12 | Create | Villager (Male) |
| 19:13 | Build | Farm |
| 19:15 | Build | Farm |
| 19:26 | Create | Villager (Male) |
| 19:26 | Create | Villager (Male) |
| 19:26 | Create | Villager (Male) |
| 19:30 | Build | House |
| 19:31 | Build | House |
| 19:38 | Create | Villager (Male) |
| 19:46 | Build | Monastery |
| 19:52 | Create | Villager (Male) |
| 20:03 | Create | Scout Cavalry |
| 20:05 | Create | Villager (Male) |
| 20:08 | Build | House |
| 20:08 | Build | House |
| 20:21 | Create | Scout Cavalry |
| 20:24 | Create | Villager (Male) |
| 20:32 | Create | Monk |
| 20:34 | Create | Villager (Male) |
| 20:37 | Create | Scout Cavalry |
| 20:41 | Create | Monk |
| 20:54 | Research | Wheelbarrow |
| 20:57 | Build | Farm |
| 20:57 | Build | Farm |
| 20:59 | Build | Farm |
| 20:59 | Build | Mill |
| 21:00 | Build | Farm |
| 21:01 | Build | Farm |
| 21:02 | Create | Villager (Male) |
| 21:18 | Create | Villager (Male) |
| 21:24 | Create | Villager (Male) |
| 21:29 | Create | Villager (Male) |
| 21:46 | Build | House |
| 21:52 | Create | Villager (Male) |
| 21:54 | Create | Villager (Male) |
| 22:04 | Create | Villager (Male) |
| 22:06 | Build | Farm |
| 22:15 | Create | Villager (Male) |
| 22:17 | Build | Farm |
| 22:17 | Build | Farm |
| 22:18 | Build | Farm |
| 22:27 | Build | House |
| 22:31 | Build | Mining Camp |
| 22:37 | Research | Hand Cart |
| 22:38 | Research | Loom |
| 22:39 | Research | Bow Saw |
| 22:40 | Create | Villager (Male) |
| 22:58 | Build | Farm |
| 23:00 | Build | Farm |
| 23:01 | Create | Villager (Male) |
| 23:03 | Build | House |
| 23:04 | Build | House |
| 23:19 | Create | Villager (Male) |
| 23:19 | Create | Villager (Male) |
| 23:21 | Build | Lumber Camp |
| 23:46 | Create | Villager (Male) |
| 23:46 | Create | Villager (Male) |
| 24:01 | Build | House |
| 24:04 | Create | Villager (Male) |
Build order — Nasup
First 150 of 380 actions detected
| 0:00 | Create | Villager (Male) |
| 0:01 | Create | Villager (Male) |
| 0:01 | Create | Villager (Male) |
| 0:01 | Create | Villager (Male) |
| 0:02 | Build | House |
| 0:03 | Build | House |
| 1:24 | Create | Villager (Male) |
| 2:01 | Create | Villager (Male) |
| 2:08 | Build | Lumber Camp |
| 2:20 | Create | Villager (Male) |
| 2:45 | Create | Villager (Male) |
| 2:45 | Create | Villager (Male) |
| 3:23 | Create | Villager (Male) |
| 3:30 | Create | Villager (Male) |
| 3:30 | Create | Villager (Male) |
| 3:35 | Create | Villager (Male) |
| 3:50 | Build | House |
| 4:23 | Create | Villager (Male) |
| 4:40 | Build | Mill |
| 4:53 | Create | Villager (Male) |
| 5:16 | Create | Villager (Male) |
| 5:17 | Create | Villager (Male) |
| 6:27 | Build | House |
| 6:31 | Create | Villager (Male) |
| 6:31 | Create | Villager (Male) |
| 7:25 | Build | Mining Camp |
| 7:29 | Create | Villager (Male) |
| 7:53 | Research | Feudal Age |
| 8:17 | Build | Palisade Wall |
| 8:28 | Build | Palisade Wall |
| 8:31 | Build | Palisade Wall |
| 9:03 | Build | House |
| 9:38 | Create | Villager (Male) |
| 10:09 | Age | Feudal Age |
| 10:12 | Build | Watch Tower |
| 10:14 | Build | Watch Tower |
| 10:20 | Create | Villager (Male) |
| 10:29 | Build | Market |
| 10:36 | Research | Loom |
| 10:58 | Build | Palisade Wall |
| 11:01 | Build | House |
| 11:04 | Build | House |
| 11:11 | Create | Villager (Male) |
| 11:18 | Create | Villager (Male) |
| 11:51 | Create | Villager (Male) |
| 11:59 | Create | Villager (Male) |
| 12:01 | Build | House |
| 12:08 | Create | Villager (Male) |
| 12:08 | Create | Villager (Male) |
| 12:25 | Build | Palisade Wall |
| 12:29 | Build | Palisade Wall |
| 12:32 | Build | House |
| 12:36 | Create | Villager (Male) |
| 12:44 | Create | Villager (Male) |
| 12:50 | Build | Watch Tower |
| 12:56 | Create | Villager (Male) |
| 13:16 | Create | Villager (Male) |
| 13:16 | Create | Villager (Male) |
| 13:29 | Create | Villager (Male) |
| 13:30 | Build | Lumber Camp |
| 13:35 | Build | Lumber Camp |
| 13:37 | Create | Villager (Male) |
| 13:48 | Create | Villager (Male) |
| 13:56 | Build | Farm |
| 13:57 | Research | Double-Bit Axe |
| 14:05 | Create | Villager (Male) |
| 14:17 | Build | Palisade Wall |
| 14:45 | Create | Villager (Male) |
| 14:53 | Create | Villager (Male) |
| 14:55 | Build | Farm |
| 14:56 | Research | Horse Collar |
| 15:01 | Build | Farm |
| 15:04 | Build | Farm |
| 15:07 | Build | Farm |
| 15:17 | Build | Farm |
| 15:19 | Build | Farm |
| 15:31 | Build | Palisade Wall |
| 15:33 | Build | Palisade Wall |
| 15:36 | Build | Farm |
| 15:38 | Build | Farm |
| 15:40 | Build | Farm |
| 15:40 | Create | Villager (Male) |
| 15:44 | Build | Palisade Wall |
| 15:52 | Build | House |
| 16:00 | Build | Farm |
| 16:03 | Build | Farm |
| 16:37 | Build | Farm |
| 16:38 | Build | Farm |
| 16:53 | Research | Wheelbarrow |
| 16:58 | Create | Villager (Male) |
| 17:07 | Build | Farm |
| 17:26 | Create | Villager (Male) |
| 18:08 | Create | Villager (Male) |
| 18:12 | Build | Blacksmith |
| 18:44 | Research | Castle Age |
| 19:04 | Build | Barracks |
| 19:24 | Build | Mill |
| 19:27 | Research | Gold Mining |
| 19:28 | Research | Gold Mining |
| 19:32 | Research | Stone Mining |
| 19:36 | Build | Farm |
| 19:38 | Build | Farm |
| 19:41 | Build | Farm |
| 19:44 | Build | Farm |
| 20:00 | Build | Farm |
| 20:01 | Build | Farm |
| 20:27 | Build | House |
| 20:53 | Create | Villager (Male) |
| 20:56 | Build | House |
| 21:19 | Build | Stone Wall |
| 21:24 | Age | Castle Age |
| 21:26 | Build | Siege Workshop |
| 21:27 | Create | Villager (Male) |
| 21:32 | Research | Bow Saw |
| 21:33 | Research | Heavy Plow |
| 21:41 | Research | Gold Shaft Mining |
| 22:33 | Create | Mangonel |
| 22:47 | Build | House |
| 22:53 | Create | Villager (Male) |
| 22:53 | Create | Villager (Male) |
| 23:06 | Create | Villager (Male) |
| 23:16 | Build | University |
| 23:42 | Create | Mangonel |
| 23:42 | Create | Mangonel |
| 24:18 | Research | Imperial Age |
| 24:18 | Research | Imperial Age |
| 24:21 | Build | House |
| 24:41 | Build | Archery Range |
| 25:23 | Research | Town Watch |
| 26:07 | Build | Archery Range |
| 26:19 | Build | Siege Workshop |
| 26:31 | Build | House |
| 26:44 | Build | House |
| 26:49 | Build | Palisade Wall |
| 26:52 | Build | Palisade Wall |
| 26:54 | Create | Villager (Male) |
| 26:54 | Create | Villager (Male) |
| 27:03 | Create | Unit 1952 |
| 27:04 | Create | Unit 1952 |
| 27:05 | Research | Fletching |
| 27:05 | Research | Fletching |
| 27:28 | Age | Imperial Age |
| 27:31 | Create | Unit 1942 |
| 27:34 | Create | Unit 1942 |
| 27:38 | Research | Bodkin Arrow |
| 27:41 | Create | Villager (Male) |
| 27:41 | Create | Villager (Male) |
| 27:42 | Create | Villager (Male) |
| 28:08 | Create | Villager (Male) |
| 28:09 | Create | Villager (Male) |
Build order — TAG_Sitaux
First 150 of 549 actions detected
| 0:01 | Create | Villager (Male) |
| 0:01 | Create | Villager (Male) |
| 0:02 | Build | House |
| 0:03 | Build | House |
| 0:08 | Create | Villager (Male) |
| 0:09 | Create | Villager (Male) |
| 0:09 | Create | Villager (Male) |
| 1:30 | Create | Villager (Male) |
| 1:31 | Create | Villager (Male) |
| 1:53 | Create | Villager (Male) |
| 1:53 | Create | Villager (Male) |
| 1:55 | Build | Lumber Camp |
| 2:08 | Create | Villager (Male) |
| 2:08 | Create | Villager (Male) |
| 2:54 | Create | Villager (Male) |
| 2:54 | Create | Villager (Male) |
| 3:07 | Build | House |
| 3:09 | Create | Villager (Male) |
| 3:09 | Create | Villager (Male) |
| 3:28 | Create | Villager (Male) |
| 3:28 | Create | Villager (Male) |
| 4:19 | Create | Villager (Male) |
| 4:28 | Build | Mining Camp |
| 4:39 | Create | Villager (Male) |
| 5:46 | Research | Feudal Age |
| 5:46 | Research | Feudal Age |
| 6:15 | Build | Barracks |
| 6:27 | Create | Villager (Male) |
| 6:43 | Build | House |
| 6:47 | Build | House |
| 7:08 | Build | House |
| 7:45 | Build | House |
| 8:01 | Age | Feudal Age |
| 8:03 | Build | Archery Range |
| 8:07 | Build | Watch Tower |
| 8:11 | Build | Palisade Wall |
| 8:11 | Build | Palisade Wall |
| 8:12 | Build | Palisade Wall |
| 8:13 | Build | Palisade Wall |
| 8:16 | Research | Double-Bit Axe |
| 8:17 | Create | Villager (Male) |
| 8:17 | Create | Villager (Male) |
| 8:37 | Build | House |
| 8:43 | Create | Villager (Male) |
| 9:02 | Create | Archer |
| 9:16 | Create | Archer |
| 9:34 | Build | Mill |
| 9:34 | Create | Villager (Male) |
| 9:38 | Create | Archer |
| 9:56 | Create | Villager (Male) |
| 10:01 | Create | Archer |
| 10:15 | Research | Loom |
| 10:20 | Build | Blacksmith |
| 10:30 | Create | Villager (Male) |
| 10:49 | Create | Villager (Male) |
| 10:55 | Build | Mining Camp |
| 11:02 | Build | House |
| 11:04 | Build | House |
| 11:11 | Research | Fletching |
| 11:35 | Create | Villager (Male) |
| 11:40 | Create | Archer |
| 11:57 | Create | Archer |
| 12:05 | Create | Villager (Male) |
| 12:24 | Create | Archer |
| 12:31 | Build | Farm |
| 12:33 | Build | Farm |
| 12:44 | Create | Villager (Male) |
| 12:51 | Build | House |
| 12:54 | Create | Archer |
| 13:22 | Create | Villager (Male) |
| 13:26 | Create | Archer |
| 13:33 | Build | Farm |
| 13:35 | Build | Farm |
| 13:42 | Build | Watch Tower |
| 13:44 | Create | Archer |
| 13:47 | Create | Villager (Male) |
| 14:07 | Build | Farm |
| 14:07 | Create | Villager (Male) |
| 14:09 | Build | Farm |
| 14:36 | Create | Villager (Male) |
| 14:47 | Build | Farm |
| 14:54 | Create | Villager (Male) |
| 14:58 | Build | Mill |
| 15:10 | Build | Outpost |
| 15:19 | Build | Farm |
| 15:21 | Create | Villager (Male) |
| 15:52 | Build | Farm |
| 15:54 | Build | Farm |
| 15:54 | Create | Villager (Male) |
| 16:04 | Build | House |
| 16:04 | Build | House |
| 16:09 | Build | House |
| 16:18 | Create | Villager (Male) |
| 16:29 | Build | Farm |
| 16:36 | Create | Spearman |
| 16:37 | Create | Spearman |
| 16:41 | Create | Villager (Male) |
| 16:45 | Create | Spearman |
| 16:50 | Create | Archer |
| 16:53 | Create | Villager (Male) |
| 17:13 | Build | Watch Tower |
| 17:16 | Create | Archer |
| 17:25 | Build | Farm |
| 17:26 | Create | Villager (Male) |
| 17:42 | Build | Farm |
| 17:43 | Create | Villager (Male) |
| 18:04 | Create | Villager (Male) |
| 18:27 | Build | Outpost |
| 18:52 | Research | Castle Age |
| 19:12 | Build | House |
| 19:13 | Build | Palisade Wall |
| 19:18 | Research | Horse Collar |
| 19:36 | Research | Gold Mining |
| 19:41 | Research | Stone Mining |
| 19:41 | Research | Stone Mining |
| 19:46 | Build | House |
| 19:48 | Build | Palisade Wall |
| 19:49 | Build | Palisade Wall |
| 20:31 | Research | Gold Mining |
| 20:47 | Create | Villager (Male) |
| 20:54 | Build | Palisade Wall |
| 21:32 | Age | Castle Age |
| 21:34 | Research | Crossbowman (upgrade) |
| 21:35 | Research | Bodkin Arrow |
| 21:35 | Research | Bodkin Arrow |
| 21:44 | Build | Town Center |
| 21:46 | Build | Town Center |
| 22:05 | Create | Villager (Male) |
| 22:18 | Research | Bow Saw |
| 22:23 | Create | Villager (Male) |
| 22:51 | Create | Villager (Male) |
| 23:09 | Create | Villager (Male) |
| 23:09 | Create | Villager (Male) |
| 23:19 | Build | Farm |
| 23:20 | Build | Farm |
| 23:21 | Build | Farm |
| 23:23 | Build | Farm |
| 23:23 | Create | Villager (Male) |
| 23:27 | Build | Farm |
| 23:45 | Build | Outpost |
| 23:47 | Create | Villager (Male) |
| 23:51 | Build | Farm |
| 23:54 | Build | Farm |
| 23:56 | Create | Villager (Male) |
| 24:00 | Research | Town Watch |
| 24:08 | Create | Villager (Male) |
| 24:11 | Build | House |
| 24:15 | Create | Villager (Male) |
| 24:17 | Build | Farm |
| 24:18 | Build | Farm |
Match timeline
| 6:15 | TAG_Sitaux · first_building Barracks |
| 8:01 | TAG_Sitaux · age_up feudal |
| 8:03 | TAG_Sitaux · first_building Archery Range |
| 8:11 | TAG_Sitaux · wall_segment Palisade Wall x1 |
| 8:11 | TAG_Sitaux · wall_segment Palisade Wall x1 |
| 8:12 | TAG_Sitaux · wall_segment Palisade Wall x1 |
| 8:13 | TAG_Sitaux · wall_segment Palisade Wall x1 |
| 8:17 | Nasup · wall_segment Palisade Wall x12 |
| 8:28 | Nasup · wall_segment Palisade Wall x9 |
| 8:31 | Skull · first_building Barracks |
| 8:31 | Nasup · wall_segment Palisade Wall x2 |
| 10:07 | Skull · age_up feudal |
| 10:09 | Skull · first_building Stable |
| 10:09 | Nasup · age_up feudal |
| 10:58 | Nasup · wall_segment Palisade Wall x1 |
| 11:21 | Smiley · age_up feudal |
| 12:25 | Nasup · wall_segment Palisade Wall x1 |
| 12:29 | Nasup · wall_segment Palisade Wall x1 |
| 12:48 | Nasup · first_market_buy 100 stone |
| 14:17 | Nasup · wall_segment Palisade Wall x4 |
| 14:54 | Skull · age_up castle |
| 15:02 | Smiley · age_up castle |
| 15:30 | Smiley · first_building Monastery |
| 15:31 | Nasup · wall_segment Palisade Wall x1 |
| 15:33 | Nasup · wall_segment Palisade Wall x1 |
| 15:44 | Nasup · wall_segment Palisade Wall x1 |
| 17:13 | Smiley · first_market_sell 100 wood |
| 17:14 | Smiley · first_market_buy 100 stone |
| 17:51 | Nasup · first_market_sell 100 wood |
| 19:04 | Nasup · first_building Barracks |
| 19:13 | TAG_Sitaux · wall_segment Palisade Wall x1 |
| 19:46 | Skull · first_building Monastery |
| 19:48 | TAG_Sitaux · wall_segment Palisade Wall x1 |
| 19:49 | TAG_Sitaux · wall_segment Palisade Wall x1 |
| 20:54 | TAG_Sitaux · wall_segment Palisade Wall x1 |
| 21:19 | Nasup · wall_segment Stone Wall x1 |
| 21:24 | Nasup · age_up castle |
| 21:26 | Nasup · first_building Siege Workshop |
| 21:32 | TAG_Sitaux · age_up castle |
| 24:41 | Nasup · first_building Archery Range |
| 24:42 | TAG_Sitaux · first_building Castle |
| 26:49 | Nasup · wall_segment Palisade Wall x1 |
| 26:52 | Nasup · wall_segment Palisade Wall x3 |
| 27:11 | Smiley · first_building Barracks |
| 27:20 | Smiley · first_building Castle |
| 27:28 | Nasup · age_up imperial |
| 28:07 | TAG_Sitaux · first_building Stable |
| 28:23 | Smiley · first_building Archery Range |
| 28:32 | Skull · first_building Archery Range |
| 28:32 | Skull · age_up imperial |
| 29:30 | Smiley · age_up imperial |
| 29:59 | TAG_Sitaux · first_market_sell 100 food |
| 31:49 | Skull · first_building Castle |
| 32:11 | Smiley · first_building Siege Workshop |
| 33:07 | Nasup · wall_segment Stone Wall x1 |
| 33:12 | Nasup · wall_segment Stone Wall x1 |
| 34:30 | TAG_Sitaux · first_market_buy 100 wood |
| 35:40 | TAG_Sitaux · age_up imperial |
| 37:40 | TAG_Sitaux · first_building Siege Workshop |
| 38:19 | Nasup · first_building Stable |
| 42:27 | Nasup · wall_segment Palisade Wall x1 |
| 42:29 | Nasup · wall_segment Palisade Wall x1 |
| 44:11 | Skull · resign |
[ AI ANALYSIS · 1 CREDIT ]
What really happened in this match?
Wolo.gg analyzes every decision: build order, eco, micro, common mistakes by bracket. Personalized analysis on WhatsApp or Discord in 30 seconds.
Civ guide
Lithuanians
Perfil
Smiley